Map: Pillars of Gold LE

Players

IMYURI

  • Race: Protoss Protoss
  • League: Master
  • Spawn Location: 7:00

MarcoMan - Winner!

  • Race: Protoss Protoss
  • League: Master
  • Spawn Location: 1:00

VOD

Have the link to the VOD?

Description

Time

  • Played on: Jan. 17, 2021, 3:17 p.m.
  • Length: 1:27
Show
View Real Time Build Order
Export as new Build Order

IMYURI Protoss 

Build Orders:  

Get SALT Encoding   

  12  0:00  Probe (Chrono Boost)  
  13  0:09  Probe (Chrono Boost)  
  14  0:15  Probe (Chrono Boost)  
  15  0:23  Pylon  
  15  0:41  Probe  
  16  0:44  Forge  
  16  1:08  Pylon  
  16  1:12  Pylon  
  16  1:13  Pylon  
  16  1:16  Pylon  
Show
View Real Time Build Order
Export as new Build Order

MarcoMan Protoss - Winner!

Build Orders:  

Get SALT Encoding   

  12  0:00  Probe  
  13  0:12  Probe  
  14  0:18  Pylon  
  14  0:24  Probe  
  15  0:36  Probe  
  15  0:40  Gateway  
  16  0:48  Probe  
  17  0:50  Assimilator  
  17  1:10  Forge  
Tags
 
Matchup
PvP
Replay Pack
Weekend
Spawn Locations
Cross Positions
Add a new tag
Caveats
  • Supply blocks, unpowered buildings, or Contaminate may cause inaccurate times.
  • Supply counts are checked every 10 seconds.